 Dungeon Crawl Stone Soup version 0.27.1-3-gb3d3a73c9e (webtiles) character file.

Game seed: 15029946898326870596

9748 vatarom the Zephyrmancer (level 11, -6/72 HPs)
             Began as a Tengu Air Elementalist on Oct 12, 2021.
             Was a Believer of Vehumet.
             Mangled by a boulder beetle (19 damage)
             ... on level 12 of the Dungeon.
             The game lasted 00:21:57 (16415 turns).

vatarom the Zephyrmancer (Tengu Air Elementalist)  Turns: 16415, Time: 00:21:57

Health: -6/72      AC:  7    Str:  9    XL:     11   Next: 51%
Magic:  22/22      EV: 14    Int: 18    God:    Vehumet [**....]
Gold:   836        SH:  0    Dex: 15    Spells: 6/23 levels left

rFire    + . .     SeeInvis .   A - +3 trident (protect)
rCold    + . .     Faith    +   (no shield)
rNeg     . . .     Spirit   .   s - +2 robe {rC+ rF+}
rPois    +         Reflect  .   (helmet restricted)
rElec    .         Harm     .   l - +2 cloak
rCorr    .         Rampage  .   (no gloves)
Will     .....                  (boots unavailable)
Stlth    ++........             u - amulet of faith
HPRegen  0.22/turn              o - ring of poison resistance
MPRegen  0.18/turn              (no ring)

@: about to teleport, flying quickly and evasively, quick
A: beak, talons 3, nimble flight
a: Renounce Religion


You were on level 12 of the Dungeon.
You worshipped Vehumet.
Vehumet was pleased with you.
You visited 2 branches of the dungeon, and saw 13 of its levels.

You collected 836 gold pieces.

Inventory:

Hand Weapons
 A - a +3 trident of protection (weapon)
Missiles
 n - 2 throwing nets {!f}
Armour
 l - a +2 cloak (worn)
 s - a +2 robe of resistance (worn)
Jewellery
 o - a ring of poison resistance (left hand)
 u - an amulet of faith (around neck)
 C - an amulet of reflection
Wands
 m - a wand of iceblast (18) {@v4}
 v - a wand of digging (8) {@v1}
 x - a wand of paralysis (4)
 B - a wand of acid (4) {@v2}
Scrolls
 a - a scroll of summoning
 d - a scroll of magic mapping
 e - a scroll of amnesia
 g - a scroll of enchant armour
 h - a scroll of fear
 j - 2 scrolls of vulnerability
 q - a scroll of acquirement {unknown}
 t - 5 scrolls of teleportation {@r3}
 y - 4 scrolls of fog
Potions
 b - a potion of haste {@q3}
 c - 2 potions of cancellation
 f - a potion of brilliance {@q6}
 i - a potion of invisibility {unknown}
 k - a potion of flight
 p - 2 potions of lignification
 r - 3 potions of might {unknown}
 w - 2 potions of degeneration {unknown}
 z - a potion of ambrosia


   Skills:
 - Level 10.0 Fighting
 - Level 2.1 Dodging
 - Level 2.0 Stealth
 + Level 6.8 Spellcasting
 - Level 10.7 Conjurations
 * Level 0.0 Translocations
 + Level 12.3 Air Magic
 - Level 3.5 Evocations


You had 6 spell levels left.
You knew the following spells:

 Your Spells              Type           Power      Damage    Failure   Level
a - Shock                 Conj/Air       100%       1d9       1%          1
b - Static Discharge      Conj/Air       47%        N/A       1%          2
c - Swiftness             Air            50%        N/A       1%          3
d - Airstrike             Air            25%        N/A       1%          4
e - Summon Forest         Summ/Tloc      3%         N/A       97%         5
z - Poisonous Vapours     Pois/Air       56%        N/A       1%          2

Your spell library contained the following spells:

 Spells                   Type           Power      Damage    Failure   Level
 Animate Skeleton         Necr           12%        N/A       11%         1
 Apportation              Tloc           12%        N/A       11%         1
 Beastly Appendage        Tmut           12%        N/A       11%         1
 Corona                   Hex            6%         N/A       11%         1
 Pain                     Necr           24%        1d5       11%         1
 Summon Small Mammal      Summ           24%        N/A       11%         1
 Wereblood                Tmut           6%         N/A       17%         2
 Gell's Gravitas          Tloc           3%         N/A       32%         3
 Lesser Beckoning         Tloc           3%         N/A       32%         3
 Spider Form              Tmut/Pois      3%         N/A       32%         3
 Teleport Other           Tloc           6%         N/A       32%         3
 Vampiric Draining        Necr           3%         2d6       32%         3
 Summon Mana Viper        Hex/Summ       6%         N/A       97%         5
 Shadow Creatures         Summ           N/A        N/A       100%        6


Dungeon Overview and Level Annotations

Branches:
Dungeon (12/15)            Temple (1/1) D:5            Lair (0/6) D:8
    Orc (0/2) D:9

Altars:
Ashenzari
Cheibriados
Dithmenos
Elyvilon
Fedhas
Gozag
Hepliaklqana
Kikubaaqudgha
Makhleb
Nemelex Xobeh
Okawaru
Qazlal
Ru
Sif Muna
Trog
Uskayaw
Vehumet
Wu Jian
Xom
Yredelemnul
Zin
The Shining One

Shops:
D:9 [(

Annotations:
D:5 exclusion: scorpion, Prince Ribbit


Innate Abilities, Weirdness & Mutations

You have a beak for a mouth.
You have claws for feet.
Your magical nature lets you fly swiftly and evasively.


Message History

Found a stone staircase leading down.
There is a stone staircase leading down here.
Found 27 stones and a glowing ring mail.
A boulder beetle comes into view.
Casting: Airstrike (mildly dangerous; 1% risk of failure)
Confirm with . or Enter, or press ? or * to list all spells.
Aiming: Airstrike (mildly dangerous; 1% risk of failure)
Press: ? - help, Dir - move target, f - boulder beetle
Aim: a boulder beetle (asleep)
The air twists around and strikes the boulder beetle but does no damage.
You hear a shout!
A kobold demonologist comes into view.
It is wielding a +1 dagger of distortion.
The boulder beetle curls into a ball and begins rolling!
Unknown command.
The boulder beetle hits you!
The boulder beetle stops rolling and uncurls.
The boulder beetle leaps!
You see here 27 stones.
You see here a +1 ring mail of fire resistance.
The boulder beetle leaps!
The boulder beetle bites you!
There is a stone staircase leading down, spattered with blood here.
The boulder beetle curls into a ball and begins rolling!
The boulder beetle hits you but does no damage.
The boulder beetle stops rolling and uncurls.
The boulder beetle curls into a ball and begins rolling!
The boulder beetle hits you!!
The boulder beetle stops rolling and uncurls.
There is a stone staircase leading down, spattered with blood here.
The boulder beetle leaps!
The boulder beetle curls into a ball and begins rolling!
Found a leather armour.
The boulder beetle hits you!!
* * * LOW HITPOINT WARNING * * *
The boulder beetle stops rolling and uncurls.
You hear a roar!
Okay, then.
Okay, then.
As you read the scroll of teleportation {@r3}, it crumbles to dust.
You feel strangely unstable. The boulder beetle bites you!!
You die...

.#.##.....B..>.○°.##.#
#.#.##.######.##.#°##.#
#.#.##○######.####°##.#
#.#.#..○°°....# #°##..
..#.##...[(.### #○#
######.######°#
####.##..°°.#
#....#..B####
#.####..@# #.##.......#
#B##..........
#.##.......##.#
#.###.....## .. #.#
....... #K#........
#.........[. ###......


You could see a boulder beetle.

Vanquished Creatures
  A hydra (D:11)
  3 two-headed ogres
  A manticore (D:11)
  2 gargoyles (D:11)
  3 trolls
  A vampire (D:11)
  4 yaks (D:10)
  2 wraiths
  A basilisk (D:10)
  2 steam dragons
  6 orc warriors
  An ice beast (D:5)
  A sky beast (D:7)
  A necrophage (D:8)
  2 hornet zombies (D:6)
  3 ogres
  3 wolves (D:8)
  A phantom (D:6)
  3 centaurs
  2 kobold brigands
  3 bullfrogs
  A wyvern zombie (D:6)
  4 scorpions
  3 killer bees (D:8)
  12 wights
  2 howler monkeys (D:9)
  An electric eel (D:8)
  2 centaur zombies
  2 hounds (D:8)
  A gnoll shaman (D:4)
  3 bullfrog skeletons
  2 jellies
  4 orc priests
  A centaur skeleton (D:7)
  4 iguanas
  7 orc wizards
  A killer bee zombie (D:3)
  2 hound skeletons
  A howler monkey zombie (D:7)
  4 gnolls (D:4)
  6 adders
  A worm (D:3)
  2 dart slugs
  30 orcs
  7 ball pythons
  6 endoplasms
  3 giant cockroaches
  8 goblins
  5 hobgoblins
  4 jackals (D:4)
  17 kobolds
  3 quokkas
  4 bats
  3 frilled lizards
  4 rats
206 creatures vanquished.

Notes
Turn   | Place    | Note
-------+----------+-------------------------------------------
     0 | D:1      | vatarom the Tengu Air Elementalist began the quest for the
                  | Orb.
     0 | D:1      | Reached XP level 1. HP: 10/10 MP: 4/4
   388 | D:1      | Reached XP level 2. HP: 15/15 MP: 3/6
   474 | D:1      | Learned a level 2 spell: Static Discharge
  1413 | D:2      | Reached skill level 5 in Air Magic
  1413 | D:2      | Reached XP level 3. HP: 19/19 MP: 1/7
  1417 | D:2      | Learned a level 3 spell: Swiftness
  2253 | D:2      | Reached XP level 4. HP: 17/24 MP: 4/8
  2719 | D:3      | Noticed a scorpion
  2723 | D:3      | Killed a scorpion
  2724 | D:3      | Reached skill level 6 in Air Magic
  2724 | D:3      | Gained mutation: Your magical nature lets you fly swiftly
                  | and evasively. [Tengu growth]
  2724 | D:3      | Reached XP level 5. HP: 28/28 MP: 4/9
  3500 | D:4      | Reached skill level 7 in Air Magic
  3717 | D:4      | Reached XP level 6. HP: 32/32 MP: 6/10
  4199 | D:4      | Reached skill level 8 in Air Magic
  4351 | D:4      | Reached skill level 5 in Conjurations
  4357 | D:4      | Reached XP level 7. HP: 31/36 MP: 0/11
  4446 | D:4      | Learned a level 4 spell: Airstrike
  4961 | D:5      | Entered Level 5 of the Dungeon
  5072 | D:5      | Noticed Prince Ribbit
  5102 | D:5      | Reached skill level 1 in Fighting
  5336 | D:5      | Reached skill level 9 in Air Magic
  5921 | D:5      | You are sucked into a shaft and drop 1 floor!
  5931 | D:6      | Reached XP level 8. HP: 45/45 MP: 5/13
  6119 | D:5      | Found a staircase to the Ecumenical Temple.
  6222 | Temple   | Entered the Ecumenical Temple
  6277 | Temple   | Became a worshipper of Vehumet
  8113 | D:6      | Reached skill level 5 in Fighting
  8545 | D:7      | Reached XP level 9. HP: 37/54 MP: 4/16
  8705 | D:7      | Reached skill level 10 in Air Magic
  9499 | D:7      | Found a shadowy altar of Dithmenos.
  9500 | D:7      | Noticed a two-headed ogre
  9524 | D:7      | Killed a two-headed ogre
 10156 | D:8      | Reached skill level 5 in Spellcasting
 10571 | D:8      | Found a staircase to the Lair.
 10571 | D:8      | Noticed a troll
 10592 | D:8      | Reached XP level 10. HP: 60/63 MP: 8/18
 10904 | D:8      | Reached skill level 11 in Air Magic
 11118 | D:8      | Reached * piety under Vehumet
 11118 | D:8      | Offered knowledge of Freeze by Vehumet.
 11419 | D:8      | Noticed a two-headed ogre
 11473 | D:8      | Killed a two-headed ogre
 12020 | D:9      | Found a staircase to the Orcish Mines.
 12020 | D:9      | Found Qodaupn's Armour Shop.
 12195 | D:9      | Found Diesud's Weapon Shop.
 13169 | D:10     | Entered Level 10 of the Dungeon
 13562 | D:10     | Reached skill level 10 in Conjurations
 13791 | D:10     | Reached XP level 11. HP: 62/71 MP: 11/21
 14217 | D:11     | Offered knowledge of Poisonous Vapours by Vehumet.
 14218 | D:11     | Reached skill level 1 in Evocations
 14293 | D:10     | Learned a level 2 spell: Poisonous Vapours
 14310 | D:10     | HP: 1/71 [komodo dragon (30)]
 14859 | D:11     | Reached ** piety under Vehumet
 14868 | D:11     | Reached skill level 12 in Air Magic
 15142 | D:11     | Noticed a four-headed hydra
 15251 | D:11     | Killed a four-headed hydra
 15528 | D:11     | Noticed a two-headed ogre
 15532 | D:11     | Killed a two-headed ogre
 15734 | D:11     | Reached skill level 10 in Fighting
 15907 | D:11     | Noticed a manticore
 15915 | D:11     | Killed a manticore
 16307 | D:12     | Learned a level 5 spell: Summon Forest
 16353 | D:12     | Noticed a boulder beetle
 16415 | D:12     | Mangled by a boulder beetle

Illustrated notes

Levels and vault maps discovered:
D:1:      wander_arrival_lonely_grave, layout_basic, minmay_hexomino_u4
D:2:      layout_basic
D:3:      layout_rooms
D:4:      layout_loops_ring, minmay_hedge_maze, st_stairs_3
D:5:      layout_basic, temple_statues, nicolae_ossuary_entry_monument,
          uniq_prince_ribbit1
D:6:      layout_rooms, chequers_serial_rivers_micro_b
D:7:      layout_loops_ring, grunt_dithmenos_smoke
D:8:      layout_loops_ring, erik_lair_island, minmay_stone_trees_small
D:9:      layout_small_grid, orc_david_3
D:10:     layout_roguey
D:11:     layout_long_grid
D:12:     layout_loops_ring, serial_co_window_serial, co_window_corner_a,
          co_window_of_opportunity_a, co_window_of_opportunity_a,
          co_window_corner_a, co_window_paths_b, co_window_paths_a,
          co_window_paths_b, co_window_corner_b, co_window_corner_b,
          co_window_of_opportunity_c, co_window_corner_b, co_window_broadway_c,
          co_window_unsneaky_path_e, co_window_of_opportunity_c,
          glass_columns_c, glass_columns_c, glass_columns_a, glass_columns_b,
          serial_shops, shop_fountains, special_room [special_room_orc]
Temple:   grunt_wide_crystal_templ

Skill      XL: |  1  2  3  4  5  6  7  8  9 10 11 |
---------------+----------------------------------+-----
Conjurations   | 2 3 4 5 6 7 8 10 | 10.7
Air Magic      | 5 6 7 8 9 10 11 12 | 12.3
Fighting       | 2 5 7 9 10 | 10.0
Spellcasting   | 4 5 6 |  6.8
Evocations     | 3 |  3.5
Dodging        | |  2.1
Stealth        | |  2.0

Action                   |  1- 3 |  4- 6 |  7- 9 | 10-12 || total
-------------------------+-------+-------+-------+-------++-------
Melee: Unarmed           |     9 |       |       |       ||     9
       Peck              |     4 |     2 |     8 |     5 ||    19
       Kick              |     3 |     1 |     8 |     7 ||    19
       Whip              |     8 |    12 |    34 |       ||    54
       Short sword       |       |       |     8 |    31 ||    39
       Trident           |       |       |       |     7 ||     7
 Cast: Shock             |    59 |   117 |   128 |   137 ||   441
       Airstrike         |       |       |    56 |    73 ||   129
       Poisonous Vapours |       |       |       |    20 ||    20
Evoke: Wand              |       |       |     1 |     5 ||     6
  Use: Scroll            |     1 |       |    11 |    11 ||    23
       Potion            |       |     2 |       |     2 ||     4
 Stab: Sleeping          |     1 |       |     1 |     1 ||     3
Armor: Robe              |     5 |     5 |    22 |    25 ||    57
Dodge: Dodged            |    20 |    35 |    98 |    61 ||   214
